AoeStats
← JosephFasterconquer

Northern Isles

510729028Analyzed
1v1 RM · 22h ago on Oct 2, 2026· 47m 48s· 2 players
Game mode
Random Map
Map size
Tiny (2 player)
Population
200
Speed
Normal
Resources
Standard
Victory
Conquest
Starting age
Dark Age
Ending age
Imperial Age
RankedLock teamsTeams togetherTeam positionsShared explorationLock speedFull tech treeHidden civsTurbo modeCheats
Victory
Defeat
🇲🇽 Wu · Mexico
1006
+15
🇩🇪 Wu · Germany
983
-15
Gurken Freund Gert Gumpisch
10:16 Feudal Age
8:31 Loom
16:43 Castle Age
15:25 Double-Bit Axe
16:07 Stone Mining
16:12 Horse Collar
17:17 Fletching
18:42 Bow Saw
19:57 Fishing Lines
23:29 Wheelbarrow
24:47 Bodkin Arrow
24:53 Padded Archer Armor
25:48 Heavy Plow
26:33 Red Cliffs Tactics
26:21 Elite Skirmisher
29:47 Gold Mining
38:20 Imperial Age
37:21 Scale Mail Armor
39:33 Hand Cart
44:44 Ballistics
46:48 Forging
JosephFasterconquer
10:55 Loom
12:52 Feudal Age
13:51 Fishing Lines
17:57 Castle Age
19:05 Medium Warships
18:57 Gold Mining
18:58 Stone Mining
18:57 Double-Bit Axe
18:54 Horse Collar
22:32 Red Cliffs Tactics
24:46 Gillnets
26:09 Squires
26:14 Scale Mail Armor
29:36 Chain Mail Armor
35:23 Wheelbarrow
35:13 Forging
37:00 Arson
40:23 Hand Cart
43:46 Imperial Age
44:54 Conscription
45:13 Heavy Warships
Connection lost

Rejoining the realm…

Still unreachable

The connection could not be restored.

Session expired

The server has moved on; the page needs a fresh start.